 Dungeon Crawl Stone Soup version 0.23.2-30-g0e89c35649 (webtiles) character file.

Game seed: 10964925901525658468

688 DildoBatman the Conjurer (level 7, -9/46 HPs)
             Began as a Formicid Wizard on June 12, 2019.
             Mangled by an ogre
             ... wielding a +0 giant club
              (28 damage)
             ... on level 4 of the Dungeon.
             The game lasted 00:15:28 (3335 turns).

DildoBatman the Conjurer (Formicid Wizard)          Turns: 3335, Time: 00:15:29

Health: -9/46      AC:  3    Str: 12    XL:     7   Next: 94%
Magic:  8/13       EV: 12    Int: 19    God:
Gold:   174        SH:  0    Dex:  9    Spells: 7/14 levels left

rFire    . . .     SeeInvis +   b - +1 hand axe (venom)
rCold    . . .     Gourm    .   (no shield)
rNeg     . . .     Faith    .   j - +0 robe
rPois    .         Spirit   .   (helmet unavailable)
rElec    .         Reflect  .   (no cloak)
rCorr    .         Harm     .   (no gloves)
MR       .....                  l - +0 pair of boots (curse)
Stlth    ++........             (no amulet)
HPRegen  0.15/turn              (no ring)
MPRegen  0.13/turn              (no ring)

@: studying Shields
A: permanent stasis, dig shafts and tunnels, four strong arms, antennae 3
a: Dig, Shaft Self


You were on level 4 of the Dungeon.
You were not hungry.

You visited 1 branch of the dungeon, and saw 4 of its levels.

You collected 174 gold pieces.

Inventory:

Hand Weapons
 a - a +0 hunting sling
 b - a +1 hand axe of venom (weapon)
 e - a +0 blowgun
 r - a +0 spear
Missiles
 c - 151 stones
 d - a throwing net (quivered)
 h - 74 arrows
 k - 15 bolts
 w - 5 steel javelins
 y - 11 poisoned needles
 A - 12 sling bullets
Armour
 j - a +0 robe (worn)
 l - a cursed +0 pair of boots (worn)
Scrolls
 i - 3 scrolls of fog
 n - 2 scrolls of noise {unknown}
 p - 2 scrolls of amnesia
 x - a scroll of remove curse
 z - a scroll of identify
 B - a scroll of enchant weapon {unknown}
Potions
 f - a potion of curing {unknown}
 g - a potion of ambrosia {unknown}
 m - a potion of haste {unknown}
 q - 2 potions of berserk rage {unknown}
 s - a potion of heal wounds
 t - a potion of magic {unknown}
 u - a potion of cancellation {unknown}
Books
 C - a manual of Shields
Comestibles
 o - 5 chunks of flesh
 v - 5 rations


   Skills:
 - Level 1.1 Axes
 - Level 1.0 Slings
 - Level 1.7 Dodging
 - Level 2.4 Stealth
 - Level 4.1 Spellcasting
 * Level 5.5 Conjurations
   Level 1.0 Summonings
   Level 0.8 Translocations
 * Level 2.1 Fire Magic
 * Level 1.6 Air Magic
 * Level 2.8 Poison Magic


You had 7 spell levels left.
You knew the following spells:

 Your Spells              Type           Power        Failure   Level  Hunger
a - Conjure Flame         Conj/Fire      ###.....     9%          3    ###....
c - Magic Dart            Conj           ####         1%          1    None
e - Mephitic Cloud        Conj/Pois/Air  ###.....     11%         3    ###....

Your spell library contained the following spells:

 Spells                   Type           Power        Failure   Level  Hunger
 Call Imp                 Summ           #.......     14%         2    ##.....
 Slow                     Hex            #.......     21%         2    ##.....
 Blink                    Tloc           Unusable     N/A         2    N/A

Dungeon Overview and Level Annotations

Branches:
Dungeon (4/15)
 Temple: D:4-7

Altars:
Ashenzari
Gozag
Nemelex Xobeh
Trog
Vehumet
The Shining One

Annotations:
D:3 1 exclusion, Blork the orc, Sigmund
D:4 1 exclusion


Innate Abilities, Weirdness & Mutations

You cannot be hasted, slowed, berserked, paralysed or teleported.
You can dig through walls and to a lower floor.
Your four strong arms can wield two-handed weapons with a shield.
You have a pair of large antennae on your head. (SInv)


Message History

Aim: an ogre, wielding a +0 giant club (moderately wounded, confused)
You shoot a sling bullet. The sling bullet hits the ogre!
The ogre is severely wounded.
The ogre is engulfed in noxious fumes.
Firing (i - inventory. (/) - cycle)
A - 13 sling bullets (quivered)
Press: ? - help, Shift-Dir - straight line, f/p - ogre
Aim: an ogre, wielding a +0 giant club (severely wounded, confused)
You shoot a sling bullet. The sling bullet hits the ogre.
The ogre is almost dead.
The ogre seems less confused.
Your +1 hand axe of venom begins to drip with poison!
b - a +1 hand axe of venom (weapon)
You hit the ogre.
The ogre is poisoned.
The ogre is almost dead.
The ogre hits you with a +0 giant club!!
Ouch! That really hurt!
You die...

......##...................##<..#
....####...................##...#
.....##.............#.......#....
..#.................##.......#...
..##...##..........##........##..
#.#.....#)....###..##............
............## #............#...
..##........##.##....# ......#...
..# ...........@....##..........
..# ...#.......O............#..
..# .. #.###..................###
..##...#...##..................
...#...#..# ##................
..##....... #................
#.##..#...####...........#.##
.÷##.# #............##.## ##
.÷##.# ##......##....##(.# ..


You could see an ogre.

Vanquished Creatures
  A wyvern (D:4)
  2 ogres (D:4)
  A centaur (D:4)
  2 vampire bats (D:3)
  2 orc wizards
  2 worker ants (D:4)
  A gnoll (D:2)
  2 oozes (D:2)
  4 worms
  2 dart slugs (D:1)
  A leopard gecko (D:2)
  4 orcs
  A ball python (D:4)
  5 giant cockroaches
  4 hobgoblins
  12 jackals
  4 kobolds
  3 quokkas
  11 bats
  2 frilled lizards
  7 goblins
  A leopard gecko skeleton (D:4)
  7 rats
81 creatures vanquished.

Notes
Turn   | Place    | Note
-------+----------+-------------------------------------------
     0 | D:1      | DildoBatman the Formicid Wizard began the quest for the
                  | Orb.
     0 | D:1      | Reached XP level 1. HP: 13/13 MP: 4/4
    45 | D:1      | Reached skill level 1 in Conjurations
   212 | D:1      | Reached XP level 2. HP: 19/19 MP: 0/6
   349 | D:1      | Reached skill level 2 in Conjurations
   735 | D:1      | Reached XP level 3. HP: 23/24 MP: 4/7
   740 | D:1      | Learned a level 3 spell: Conjure Flame
   744 | D:1      | Learned a level 3 spell: Mephitic Cloud
   983 | D:2      | Found a shattered altar of Ashenzari.
   983 | D:2      | Found a glowing golden altar of the Shining One.
  1052 | D:2      | Found a radiant altar of Vehumet.
  1089 | D:2      | Reached skill level 3 in Conjurations
  1346 | D:2      | Reached XP level 4. HP: 12/30 MP: 5/8
  1728 | D:2      | Reached skill level 1 in Slings
  1835 | D:2      | Found a bloodstained altar of Trog.
  2035 | D:3      | Reached skill level 4 in Conjurations
  2035 | D:3      | Reached XP level 5. HP: 31/35 MP: 3/9
  2158 | D:3      | Reached XP level 6. HP: 33/41 MP: 6/10
  2337 | D:3      | Found a sparkling altar of Nemelex Xobeh.
  2338 | D:3      | Found an opulent altar of Gozag.
  2614 | D:3      | Found a faded altar of an unknown god.
  2758 | D:4      | Reached skill level 5 in Conjurations
  2762 | D:4      | Noticed an ogre
  2778 | D:4      | Killed an ogre
  2778 | D:4      | Reached skill level 1 in Axes
  2778 | D:4      | Reached skill level 1 in Poison Magic
  2791 | D:4      | Noticed a wyvern
  2884 | D:4      | Noticed Sigmund
  2888 | D:4      | Reached skill level 1 in Fire Magic
  2888 | D:4      | Reached skill level 1 in Air Magic
  2888 | D:4      | Reached XP level 7. HP: 32/46 MP: 6/12
  2914 | D:4      | Killed a wyvern
  3171 | D:4      | Noticed Blork the orc
  3335 | D:4      | Mangled by an ogre

Skill      XL: |  1  2  3  4  5  6  7 |
---------------+----------------------+-----
Conjurations   | 1 2 3 4 5 |  5.5
Slings         | 1 |  1.0
Axes           | 1 |  1.1
Poison Magic   | 1 2 |  2.8
Fire Magic     | 1 2 |  2.1
Air Magic      | 1 |  1.6
Spellcasting   | 4 |  4.1
Dodging        | |  1.7
Stealth        | |  2.4
Summonings     | |  1.0
Translocations | |  0.8

Action                   |  1- 3 |  4- 6 |  7- 9 || total
-------------------------+-------+-------+-------++-------
Melee: Club              |    33 |     4 |       ||    37
       Dagger            |    21 |       |       ||    21
       Spear             |       |     9 |       ||     9
       Hand axe          |       |     5 |    15 ||    20
 Fire: Hunting sling     |       |    72 |     3 ||    75
 Cast: Magic Dart        |    87 |    52 |    11 ||   150
       Mephitic Cloud    |       |    12 |     8 ||    20
 Abil: Dig               |     5 |       |       ||     5
  Use: Scroll            |       |     6 |       ||     6
 Stab: Confused          |       |     2 |     1 ||     3
  Eat: Chunk             |     3 |     6 |     2 ||    11
Armor: Robe              |    18 |    11 |     3 ||    32
Dodge: Dodged            |    73 |    25 |    18 ||   116
